 Dungeon Crawl Stone Soup version 0.31.0-11-ge490571c62 (webtiles) character file.

Game seed: 14514855979067983501

103 qw the Shooter (level 4, 0/22 HPs)
             Began as a Spriggan Hunter on Feb 3, 2024.
             Slain by a kobold
             ... wielding a +0 short sword
              (3 damage)
             ... on level 3 of the Dungeon.
             The game lasted 00:00:06 (1428 turns).

qw the Shooter (Spriggan Hunter)                    Turns: 1428, Time: 00:00:07

Health: 0/22       AC:  2    Str:  7    XL:     4   Next: 51%
Magic:  5/5        EV: 20    Int: 10    God:
Gold:   16         SH:  5    Dex: 20    Spells: 3/3 levels left

rFire   . . .        a - +0 shortbow
rCold   . . .        (shield currently unavailable)
rNeg    . . .        c - +0 robe
rPois   .            (helmet restricted)
rElec   .            (no cloak)
rCorr   .            (gloves unavailable)
SInv    +            (boots unavailable)
Will    .....        f - amulet of reflection
Stlth   ++           (no ring)
HPRegen 0.23/turn    (no ring)
MPRegen 0.09/turn

%: reflection
@: very quick
A: very small, no large weapons, unfitting armour, see invisible, speed 3
a: no special abilities


You were on level 3 of the Dungeon.
You visited 1 branch of the dungeon, and saw 3 of its levels.

You collected 186 gold pieces.
You spent 170 gold pieces at shops.


Innate Abilities, Weirdness & Mutations

You are very small and have problems with some larger weapons.
You are too small for most types of armour.
You have supernaturally acute eyesight. (SInv)
You cover ground extremely quickly. (Speed+++)


   Skills:
 + Level 1.6 Fighting
 - Level 5.0 Ranged Weapons
 - Level 5.0 Dodging
 - Level 1.5 Stealth


You had 3 spell levels left.
You didn't know any spells.
Your spell library was empty.

Inventory:

Hand Weapons
 a - a +0 shortbow (weapon)
Armour
 c - a +0 robe (worn)
Jewellery
 f - an amulet of reflection (around neck)
Scrolls
 b - a scroll of identify
Potions
 e - 3 potions of might
 g - a potion of invisibility {unknown}
 h - 3 potions of curing

Dungeon Overview and Level Annotations

Branches:
Dungeon (3/15)

Altars:

Shops:
D:1 [   D:2 !:=


Message History

The quokka closely misses you.
You shoot an arrow. The arrow barely misses the phantom.
You block the quokka's attack. The phantom closely misses you.
The kobold completely misses you.
You shoot an arrow. The arrow hits the phantom.
The phantom is severely damaged.
The quokka misses you. The phantom closely misses you.
You block the kobold's attack. The quokka bites you.
You shoot an arrow.
The arrow hits the phantom but does no damage.
The phantom is severely damaged.
The phantom hits you.
The phantom blinks!
You blink.
The kobold throws a stone.
The stone misses you.
You shoot an arrow.
The arrow hits the phantom but does no damage.
The phantom is severely damaged.
The phantom hits you!
The phantom blinks!
You blink.
The kobold completely misses you. The phantom hits you.
The phantom blinks!
You blink.
You shoot an arrow. The arrow hits the phantom.
The phantom is severely damaged.
The kobold throws a stone.
The stone misses you. The phantom closely misses you.
You shoot an arrow. The arrow misses the phantom.
The phantom barely misses you.
You shoot an arrow. The arrow barely misses the phantom.
The phantom barely misses you.
You shoot an arrow. The arrow hits the phantom.
The phantom is almost destroyed.
You block the quokka's attack. The phantom misses you.
You shoot an arrow. The arrow closely misses the phantom.
The quokka misses you.
The phantom hits you but does no damage.
The kobold throws a stone.
The stone misses you.
You shoot an arrow. The arrow barely misses the phantom.
You block the quokka's attack. The phantom completely misses you.
The kobold throws a stone.
The stone barely misses you. The quokka misses you.
You shoot an arrow. The arrow misses the phantom.
The phantom completely misses you. The quokka completely misses you.
The kobold hits you with a +0 short sword.
You die...

## .# ########'###
#..........####
#.............. #.........#
#...?.....#######
#.W@K............
####r............
#......(...... #.............
#################.............
#..............##.............
#.........................?...
#..............##.############
#..............# .#


You could see a phantom, a quokka and a kobold.

Vanquished Creatures
  4 gnolls
  2 dart slugs (D:2)
  3 bats (D:1)
  4 endoplasms
  4 giant cockroaches (D:1)
  10 goblins
  9 hobgoblins
  3 kobolds (D:2)
  2 quokkas (D:1)
  6 ball pythons
  4 frilled lizards
  4 rats
55 creatures vanquished.

Notes
Turn   | Place    | Note
-------+----------+-------------------------------------------
     0 | D:1      | qw the Spriggan Hunter began the quest for the Orb.
     0 | D:1      | Reached XP level 1. HP: 10/10 MP: 2/2
     0 | D:1      | 0 ||| qw: Version: 0.3-a-158-g18b3111
     0 | D:1      | 0 ||| qw: Game counter: 4094
     0 | D:1      | 0 ||| qw: Melee chars always use a shield: true
     0 | D:1      | 0 ||| qw: God list: Okawaru
     0 | D:1      | 0 ||| qw: Allow faded altars: false
     0 | D:1      | 0 ||| qw: Do Orc after clearing Dungeon:15 true
     0 | D:1      | 0 ||| qw: Do second Lair branch before Depths: true
     0 | D:1      | 0 ||| qw: Lair rune preference: random
     0 | D:1      | 0 ||| qw: Goals: Normal
     0 | D:1      | 0 ||| PLANNING D:1-11
    31 | D:1      | Reached skill level 3 in Dodging
   141 | D:1      | Reached XP level 2. HP: 14/14 MP: 3/3
   399 | D:1      | Found Hugach's Armour Boutique.
   403 | D:1      | 403 ||| SHOPLISTING +1 hat (132 gold, have 95).
   471 | D:1      | Reached XP level 3. HP: 18/18 MP: 4/4
   615 | D:1      | 615 ||| UPGRADING to amulet of reflection.
   620 | D:1      | 620 ||| READING 2 scrolls labelled GAXTOI MEATAMM.
   621 | D:1      | 621 ||| READING scroll labelled VIWAFI CAQYIN.
   624 | D:1      | 624 ||| DROPPING scroll of butterflies.
   625 | D:1      | 625 ||| DROPPING scroll of revelation.
   657 | D:2      | Found Senutui's Jewellery Shop.
   667 | D:2      | 667 ||| SHOPLISTING +4 ring of slaying (1014 gold, have
                  | 112).
   667 | D:2      | 667 ||| SHOPLISTING +6 ring of dexterity (468 gold, have
                  | 112).
   667 | D:2      | 667 ||| SHOPLISTING ring of Herel {rElec rPois rF+ Will+
                  | rCorr} (678 gold, have 112).
   667 | D:2      | 667 ||| SHOPLISTING ring of poison resistance (260 gold,
                  | have 112).
   667 | D:2      | 667 ||| SHOPLISTING ring of positive energy (260 gold, have
                  | 112).
   704 | D:2      | Found Kerist's Book Emporium.
   980 | D:2      | Found Nupaczif's Distillery.
   987 | D:2      | 987 ||| BUYING 2 potions of curing (60 gold).
   987 | D:2      | Bought 2 potions of curing for 60 gold pieces
   987 | D:2      | 987 ||| BUYING 2 potions of might (80 gold).
   987 | D:2      | Bought 2 potions of might for 80 gold pieces
   987 | D:2      | 987 ||| BUYING potion of curing (30 gold).
   987 | D:2      | Bought a potion of curing for 30 gold pieces
   987 | D:2      | 987 ||| SHOPLISTING potion of haste (100 gold, have 8).
   987 | D:2      | 987 ||| SHOPLISTING potion of heal wounds (50 gold, have
                  | 8).
   987 | D:2      | 987 ||| SHOPLISTING potion of mutation (80 gold, have 8).
   987 | D:2      | 987 ||| SHOPLISTING potion of resistance (100 gold, have
                  | 8).
  1100 | D:2      | 1100 ||| READING scroll labelled CID MORRAUSO.
  1100 | D:2      | 1100 ||| IDENTIFYING pink potion
  1101 | D:2      | 1101 ||| DROPPING potion of brilliance.
  1128 | D:3      | 1128 ||| STAIRDANCE
  1132 | D:3      | 1132 ||| STAIRDANCE
  1140 | D:2      | Reached XP level 4. HP: 22/22 MP: 5/5
  1143 | D:3      | 1143 ||| STAIRDANCE
  1208 | D:3      | HP: 5/22 [gnoll/+0 spear (7)]
  1209 | D:3      | 1209 ||| STAIRDANCE
  1287 | D:3      | 1287 ||| STAIRDANCE
  1320 | D:3      | 1320 ||| STAIRDANCE
  1344 | D:3      | 1344 ||| STAIRDANCE
  1408 | D:3      | Noticed a phantom
  1421 | D:3      | HP: 2/22 [phantom (7)]
  1428 | D:3      | Slain by a kobold

Levels and vault maps discovered:
D:1:      dpeg_arrival_long_road, layout_loops_cross, serial_shops, shop
D:2:      cheibrodos_greedy_goblins, layout_rooms, serial_shops, shop,
          nicolae_book_shop_shelving, shop
D:3:      layout_basic, serial_corexii_hall, corexii_hall_statues_deadend,
          corexii_hall_statues_x

Skill      XL: |  1  2  3  4 |
---------------+-------------+-----
Dodging        | 3 4 5 |  5.0
Ranged Weapons | 5 |  5.0
Fighting       | |  1.6
Stealth        | |  1.5

Action                     |  1- 3 |  4- 6 || total
---------------------------+-------+-------++-------
   Fire: Shortbow          |   110 |    37 ||   147
    Use: Scroll            |     3 |       ||     3
 Armour: Robe              |     4 |    19 ||    23
  Dodge: Dodged            |    48 |    49 ||    97
  Block: Other             |     4 |    14 ||    18

Table legend:
 A = Non-vault XP
 B = Vault XP
 C = Vault XP percentage of total XP
 D = Non-vault monster count
 E = Vault monster count
 F = Vault count percentage of total count
                 A         B        C        D         E       F
            +---------+---------+-------+---------+---------+-------
      Total |     128 |      20 |  13.5 |      44 |      11 |  20.0
            +---------+---------+-------+---------+---------+-------
        D:1 |      45 |       0 |   0.0 |      27 |       0 |   0.0
        D:2 |      38 |      20 |  34.5 |      13 |      11 |  45.8
        D:3 |      45 |       0 |   0.0 |       4 |       0 |   0.0
            +---------+---------+-------+---------+---------+-------
